 Dungeon Crawl Stone Soup version 0.27-a0-54-g64bdb92e38 (webtiles) character file.

Game seed: 13274054352770273433

157 Conn the Firebug (level 5, -2/31 HPs)
             Began as an Octopode Fire Elementalist on Jan 7, 2021.
             Slain by a gnoll
             ... wielding a +0 spear
              (10 damage)
             ... on level 3 of the Dungeon.
             The game lasted 00:04:18 (2839 turns).

Conn the Firebug (Octopode Fire Elementalist)       Turns: 2839, Time: 00:04:18

Health: -2/31      AC:  1    Str:  7    XL:     5   Next: 38%
Magic:  5/8        EV: 14    Int: 19    God:
Gold:   90         SH:  0    Dex: 12    Spells: 2/9 levels left

rFire    . . .     SeeInvis .   c - +0 dagger (venom)
rCold    . . .     Faith    .   (no shield)
rNeg     . . .     Spirit   .   (helmet restricted)
rPois    .         Reflect  .   (no amulet)
rElec    .         Harm     .   (no ring)
rCorr    .         Rampage  .   (no ring)
Will     .....                  (no ring)
Stlth    +++.......             (no ring)
HPRegen  0.10/turn              (no ring)
MPRegen  0.11/turn              (no ring)
                                (no ring)
                                (no ring)

@: no status effects
A: almost no armour, stealthy swim, amphibious, 8 rings, constrict 8, camouflage
1, gelatinous body 1
a: no special abilities


You were on level 3 of the Dungeon.
You visited 1 branch of the dungeon, and saw 3 of its levels.

You collected 90 gold pieces.

Inventory:

Hand Weapons
 c - a +0 dagger of venom (weapon)
Scrolls
 a - a scroll of fear {unknown}
 b - 6 scrolls of identify {unknown}
 d - a scroll of enchant armour {unknown}
 f - 3 scrolls of immolation {unknown}
 g - a scroll of teleportation {unknown}
 l - a scroll of remove curse {unknown}
Potions
 e - a potion of lignification {unknown}
 h - a potion of berserk rage {unknown}
 i - a potion of magic {unknown}
 j - 2 potions of heal wounds {unknown}
 k - a potion of attraction {unknown}
 m - a potion of brilliance {unknown}


   Skills:
 + Level 2.6 Dodging
 + Level 3.8 Stealth
 + Level 2.5 Spellcasting
 + Level 2.4 Conjurations
 + Level 4.1 Fire Magic


You had 2 spell levels left.
You knew the following spells:

 Your Spells              Type           Power        Failure   Level
a - Foxfire               Conj/Fire      60%          4%          1
b - Conjure Flame         Conj/Fire      15%          12%         3
c - Inner Flame           Hex/Fire       10%          21%         3

Your spell library contained the following spells:

 Spells                   Type           Power        Failure   Level
 Sticky Flame             Conj/Fire      15%          38%         4
 Fireball                 Conj/Fire      7%           75%         5


Dungeon Overview and Level Annotations

Branches:
Dungeon (3/15)

Altars:
Kikubaaqudgha


Innate Abilities, Weirdness & Mutations

You cannot wear most types of armour.
You are very stealthy in the water. (Stealth+)
You are amphibious.
You can wear up to eight rings at the same time.
You can use your tentacles to constrict eight enemies at once.
Your skin changes colour to match your surroundings (Stealth+).
Your rubbery body absorbs attacks. (AC +1, EV +1)


Message History

There is a stone staircase leading up here.
You kill the gnoll!
Casting: Conjure Flame (quite dangerous; 12% risk of failure)
Confirm with . or Enter, or press ? or * to list all spells.
You conjure some foxfire!
The foxfire hits the gnoll.
The gnoll is lightly wounded.
The gnoll hits you but does no damage.
The foxfire hits the gnoll.
The gnoll is heavily wounded.
Casting: Foxfire (safe; 4% risk of failure)
Confirm with . or Enter, or press ? or * to list all spells.
You conjure some foxfire!
The gnoll hits you from afar with a +0 spear!
* * * LOW HITPOINT WARNING * * *
The foxfire hits the gnoll.
The gnoll is heavily wounded.
The foxfire hits the gnoll but does no damage.
The gnoll is heavily wounded.
The gnoll hits you from afar with a +0 spear!
You die...

.# ##.# .# ...## .#
#.....########.##
#..........##...##########
#.....###................#
##...###.#.#.....##.####.#
##g#.. #.#....§....#.#
#.#####
##.###.###.§§#.@...##.#
#...... ##o##
##......g.§..###.# #######
.##g###<....)...^.####.####
.#..)#.#####.####.........#
.#.##.## #.# ###.#####.#
......# ###.# #.# #.#######
...........#.# #.#
#........ .#.#######.#.#
#.# ######### ...# #.#.#
#.#


You could see a gnoll.

Vanquished Creatures
  A worker ant (D:3)
  5 gnolls (D:3)
  4 adders (D:2)
  A worm (D:3)
  A dart slug (D:3)
  A leopard gecko (D:1)
  2 orcs (D:3)
  2 giant cockroaches
  8 goblins
  7 hobgoblins
  A quokka (D:3)
  3 bats (D:2)
  3 frilled lizards
  3 kobolds
  4 rats
46 creatures vanquished.

Vanquished Creatures (others)
  115 foxfires
115 creatures vanquished.

Grand Total: 161 creatures vanquished

Notes
Turn   | Place    | Note
-------+----------+-------------------------------------------
     0 | D:1      | Conn the Octopode Fire Elementalist began the quest for the
                  | Orb.
     0 | D:1      | Reached XP level 1. HP: 11/11 MP: 3/3
   282 | D:1      | Reached XP level 2. HP: 14/17 MP: 0/5
   691 | D:2      | Reached XP level 3. HP: 21/21 MP: 3/6
  1543 | D:2      | Reached XP level 4. HP: 26/27 MP: 4/7
  1775 | D:3      | Reached skill level 4 in Fire Magic
  1974 | D:2      | Learned a level 3 spell: Conjure Flame
  1978 | D:2      | Learned a level 3 spell: Inner Flame
  2256 | D:3      | Found an ancient bone altar of Kikubaaqudgha.
  2287 | D:3      | Reached XP level 5. HP: 16/31 MP: 6/8
  2839 | D:3      | Slain by a gnoll

Illustrated notes

Levels and vault maps discovered:
D:1:      lightli_iron_boxes, layout_rooms, chequers_serial_rivers_micro_b
D:2:      layout_loops_corners
D:3:      layout_loops_ring, kiku_gazebo_pond_becter

Skill      XL: |  1  2  3  4 |
---------------+-------------+-----
Stealth        | 3 |  3.8
Fire Magic     | 4 |  4.1
Conjurations   | 2 |  2.4
Dodging        | |  2.6
Spellcasting   | |  2.5

Action                   |  1- 3 |  4- 6 || total
-------------------------+-------+-------++-------
Melee: Unarmed           |     5 |       ||     5
       Constrict         |     2 |    10 ||    12
       Dagger            |     4 |    30 ||    34
       Tentacles         |       |     5 ||     5
 Cast: Foxfire           |    39 |    29 ||    68
 Stab: Sleeping          |     1 |     2 ||     3
       Distracted        |       |     1 ||     1
Armor: Skin              |     2 |     1 ||     3
Dodge: Dodged            |    19 |    24 ||    43

Table legend: (Time is in decaauts)
 A = Elapsed time spent in this place.
 B = Non-inter-level travel time spent in this place.
 C = Inter-level travel time spent in this place.
 D = Time resting spent in this place.
 E = Time spent auto-exploring this place.
 F = Levels seen in this place.
 G = Mean time per level.
                   A        B        C        D        E       F      G
               +--------+--------+--------+--------+--------+-----+--------+
         Total |   2839 |   2782 |     57 |    276 |   1955 |   3 |  946.3 |
       Dungeon |   2839 |   2782 |     57 |    276 |   1955 |   3 |  946.3 |
               +--------+--------+--------+--------+--------+-----+--------+

Top non-repeatable levels by time:
     D:2: 1206 daAuts
     D:3: 997 daAuts
     D:1: 635 daAuts
